 Dungeon Crawl Stone Soup version 0.29-a0-284-gf9362112df (webtiles) character file.

Game seed: 11191634521410825909

2478 rabbitsville the Archer (level 9, -2/43 HPs)
             Began as a Spriggan Hunter on Mar 29, 2022.
             Was a Believer of Hepliaklqana.
             Killed from afar by Maggie (14 damage)
             ... with a bolt of fire
             ... on level 7 of the Dungeon on Mar 30, 2022.
             The game lasted 00:38:27 (7577 turns).

rabbitsville the Archer (Spriggan Hunter)           Turns: 7577, Time: 00:38:27

Health: -2/43      AC: 12    Str:  7    XL:     9   Next: 27%
Magic:  10/10      EV: 18    Int: 11    God:    Hepliaklqana [**....]
Gold:   321        SH:  0    Dex: 22    Spells: 8/8 levels left

rFire   . . .      SeeInvis +   b - +2 dagger (protect)
rCold   + . .      Faith    .   (no shield)
rNeg    + . .      Spirit   .   y - +0 steam dragon scales
rPois   .          Reflect  .   (helmet restricted)
rElec   .          Harm     .   (no cloak)
rCorr   .          Rampage  .   (gloves unavailable)
Will    +....                   (boots unavailable)
Stlth   ++........              (no amulet)
HPRegen 0.14/turn               e - ring of protection from cold
MPRegen 0.12/turn               C - ring of positive energy

@: under a protective aura, very quick
A: reduced essence, very small, no large weapons, unfitting armour, see
invisible, speed 3
a: Renounce Religion, Recall Ancestor, Ancestor Identity


You were on level 7 of the Dungeon.
You worshipped Hepliaklqana.
Hepliaklqana was pleased with you.
You visited 2 branches of the dungeon, and saw 8 of its levels.

You collected 321 gold pieces.

Inventory:

Hand Weapons
 a - a +1 shortbow
 b - a +2 dagger of protection (weapon)
Armour
 f - a +0 robe
 y - +0 steam dragon scales (worn)
Jewellery
 e - a ring of protection from cold (left hand)
 i - a ring of fire
 B - a ring of wizardry
 C - a ring of positive energy (right hand)
Wands
 o - a wand of iceblast (9)
 t - a wand of digging (16)
Scrolls
 c - a scroll of immolation
 d - 7 scrolls of identify {unknown}
 g - 3 scrolls of torment {unknown}
 l - 2 scrolls of blinking {unknown}
 p - a scroll of brand weapon {unknown}
 q - a scroll of silence {unknown}
 r - 3 scrolls of teleportation
 u - 3 scrolls of holy word {unknown}
 v - a scroll of noise {unknown}
 w - a scroll of vulnerability {unknown}
 x - a scroll of fog {unknown}
 D - 2 scrolls of enchant armour {unknown}
Potions
 h - 2 potions of flight {unknown}
 j - 2 potions of mutation {unknown}
 k - a potion of attraction {unknown}
 m - 7 potions of curing
 n - 2 potions of lignification {unknown}
 s - a potion of brilliance {unknown}
 z - 3 potions of might {unknown}
 A - a potion of degeneration {unknown}


   Skills:
 + Level 6.2 Fighting
 * Level 13.0 Bows
 - Level 2.6 Dodging
 - Level 1.5 Stealth


You had 8 spell levels left.
You didn't know any spells.
Your spell library contained the following spells:

 Spells                   Type           Power      Damage    Failure   Level
 Animate Skeleton         Necr           0%         N/A       34%         1
 Beastly Appendage        Tmut           0%         N/A       34%         1
 Pain                     Necr           0%         1d4       34%         1
 Wereblood                Tmut           0%         N/A       47%         2
 Gell's Gravitas          Tloc           0%         N/A       71%         3
 Lesser Beckoning         Tloc           0%         N/A       71%         3
 Spider Form              Tmut/Pois      0%         N/A       71%         3
 Teleport Other           Tloc           0%         N/A       71%         3
 Vampiric Draining        Necr           0%         2d6       71%         3
 Hailstorm                Conj/Ice       0%         3d3       98%         4
 Ice Form                 Ice/Tmut       0%         N/A       98%         4
 Simulacrum               Ice/Necr       0%         N/A       100%        6


Dungeon Overview and Level Annotations

Branches:
Dungeon (7/15)             Temple (1/1) D:4

Altars:
Ashenzari
Cheibriados
Dithmenos
Fedhas
Hepliaklqana
Kikubaaqudgha
Okawaru
Ru
Trog
Uskayaw
Vehumet
Wu Jian
Xom
Yredelemnul
The Shining One

Annotations:
D:3 1 runed translucent door, AlmostDecent's ghost, amateur TeFi
D:6 3 runed translucent doors, ooooo's ghost, novice OpCj
D:7 exclusion: ugly thing, Maggie


Innate Abilities, Weirdness & Mutations

Your life essence is reduced to manifest your ancestor. (-10% HP)
You are very small and have problems with some larger weapons.
You are too small for most types of armour.
You have supernaturally acute eyesight. (SInv)
You cover ground extremely quickly. (Speed+++)


Message History

Ouch! That really hurt!
Keminub closely misses Maggie.
Shoot: a) +1 shortbow
Press: ? - help, Q - select action, (/) - cycle Shift-Dir - straight line, f/p - Maggie
Aim: Maggie, wielding a +2 vorpal morningstar and wearing +0 acid dragon scales (heavily wounded, ally target, 72% to hit)
You shoot an arrow. Keminub avoids your attack.
The arrow hits Maggie but does no damage.
Maggie is heavily wounded.
Maggie hits Keminub with a +2 vorpal morningstar!
Keminub is destroyed!
Unknown command.
Shoot: a) +1 shortbow
Press: ? - help, Q - select action, (/) - cycle Shift-Dir - straight line, f/p - Maggie
Aim: Maggie, wielding a +2 vorpal morningstar and wearing +0 acid dragon scales (heavily wounded, 72% to hit)
You shoot an arrow. The arrow hits Maggie!
Maggie is severely wounded.
Shoot: a) +1 shortbow
Press: ? - help, Q - select action, (/) - cycle Shift-Dir - straight line, f/p - Maggie
Aim: Maggie, wielding a +2 vorpal morningstar and wearing +0 acid dragon scales (severely wounded, 72% to hit)
You shoot an arrow. The arrow hits Maggie.
Maggie is severely wounded.
Your +2 dagger of protection hums with potential!
b - a +2 dagger of protection (weapon)
You barely miss Maggie.
Maggie is severely wounded.
Maggie completely misses you.
You hit Maggie.
Your weapon exudes an aura of protection.
Maggie is severely wounded.
Maggie hits you with a +2 vorpal morningstar!
* * * LOW HITPOINT WARNING * * *
You barely miss Maggie.
Maggie is severely wounded.
Maggie mumbles some strange words.
Maggie attempts to bespell you! You resist with almost no effort.
You hit Maggie but do no damage.
Maggie is severely wounded.
Maggie casts a spell at you. The bolt of fire hits you!
You die...

#..##
#######.#
#....##
##..R....#
.......
#.########
.......##
###R#######
........#
#..........
........##
#.#.#######
.........#
#.#.# #@#
###.#R# #@#
#.....#
#.#####.###
#.......#
#########


You could see Maggie.

Vanquished Creatures
  Pikel (D:5)
  Sigmund (D:3)
  A steam dragon (D:6)
  A vampire mosquito (D:7)
  A sky beast (D:4)
  A black bear (D:4)
  2 ice beasts
  An ogre (D:6)
  2 phantoms (D:5)
  A bullfrog (D:6)
  A necrophage (D:4)
  2 scorpions
  A howler monkey (D:4)
  2 jellies
  4 hounds
  An orc priest (D:6)
  5 iguanas
  Natasha (D:2)
  3 orc wizards (D:6)
  3 gnolls (D:5)
  5 adders
  An ufetubus (D:5)
  3 worms
  12 orcs
  3 endoplasms
  3 giant cockroaches
  3 goblins
  10 hobgoblins
  7 jackals
  6 kobolds
  3 quokkas
  3 ball pythons
  3 bats
  3 frilled lizards
  3 rats
103 creatures vanquished.

Vanquished Creatures (collateral kills)
  A sky beast (D:6)
  A lemure (D:5)
  A hound (D:6)
  An iguana (D:5)
  2 orc wizards (D:6)
  An adder (D:6)
  An ufetubus (D:6)
8 creatures vanquished.

Vanquished Creatures (others)
  A knight (D:7)
  3 ancestors
4 creatures vanquished.

Grand Total: 115 creatures vanquished

Notes
Turn   | Place    | Note
-------+----------+-------------------------------------------
     0 | D:1      | rabbitsville the Spriggan Hunter began the quest for the
                  | Orb.
     0 | D:1      | Reached XP level 1. HP: 10/10 MP: 2/2
    29 | D:1      | Reached skill level 5 in Bows
    87 | D:1      | Found a faded altar of an unknown god.
   124 | D:1      | Prayed at the altar of an unknown god.
   124 | D:1      | Became a worshipper of Vehumet
   124 | D:1      | Reached * piety under Vehumet
   124 | D:1      | Offered knowledge of Freeze by Vehumet.
   129 | D:1      | Reached XP level 2. HP: 15/15 MP: 3/3
   131 | D:1      | Fell from the grace of Vehumet
   618 | D:2      | Reached XP level 3. HP: 18/18 MP: 4/4
   652 | D:2      | Noticed Natasha
   659 | D:2      | Killed Natasha
   660 | D:2      | Reached skill level 6 in Bows
   701 | D:2      | Reached XP level 4. HP: 18/23 MP: 5/5
  1645 | D:3      | Noticed Sigmund
  1651 | D:3      | Killed Sigmund
  1652 | D:3      | Reached skill level 7 in Bows
  1652 | D:3      | Reached XP level 5. HP: 24/28 MP: 6/6
  1652 | D:3      | Reached XP level 6. HP: 27/32 MP: 7/7
  2126 | D:3      | Found a runed translucent door.
  2127 | D:3      | Noticed AlmostDecent's ghost (amateur TeFi)
  2529 | D:4      | Found a staircase to the Ecumenical Temple.
  2555 | Temple   | Entered the Ecumenical Temple
  3006 | Temple   | Became a worshipper of Hepliaklqana the Forgotten
  3065 | D:4      | Reached skill level 8 in Bows
  3519 | D:4      | Noticed a sky beast
  3557 | D:4      | Killed a sky beast
  3558 | D:4      | Reached skill level 9 in Bows
  3558 | D:4      | Reached XP level 7. HP: 35/37 MP: 8/8
  3765 | D:4      | Found a glowing golden altar of the Shining One.
  3982 | D:5      | Entered Level 5 of the Dungeon
  3982 | D:5      | Noticed Pikel
  4425 | D:5      | Reached * piety under Hepliaklqana
  4522 | D:5      | Reached skill level 10 in Bows
  4626 | D:5      | Reached XP level 8. HP: 4/37 MP: 9/9
  5314 | D:5      | Killed Pikel
  5315 | D:5      | Reached skill level 5 in Fighting
  5315 | D:5      | Reached skill level 11 in Bows
  6102 | D:6      | Reached skill level 12 in Bows
  6316 | D:6      | Reached XP level 9. HP: 40/42 MP: 10/10
  6626 | D:6      | Noticed ooooo's ghost (novice OpCj)
  6654 | D:6      | Found a runed translucent gate.
  6654 | D:6      | Found a runed translucent gate.
  6654 | D:6      | Found a runed translucent gate.
  7175 | D:7      | Reached skill level 13 in Bows
  7406 | D:7      | Noticed a cyan ugly thing
  7443 | D:7      | Reached ** piety under Hepliaklqana
  7444 | D:7      | Remembered your ancestor Keminub as a knight
  7554 | D:7      | Noticed Maggie
  7577 | D:7      | Killed from afar by Maggie

Illustrated notes

Levels and vault maps discovered:
D:1:      tarquinn_simple_flora_water_e, layout_rooms,
          ebering_ecumenical_altar_abandoned
D:2:      layout_loops_ring, uniq_natasha
D:3:      layout_basic, ebering_ghost_inner_flame, nicolae_elevator_lobby_plus,
          uniq_sigmund
D:4:      layout_basic, nicolae_overflow_hidden_temple,
          minmay_temple_entry_junction
D:5:      layout_basic, kennysheep_generic_room_13, uniq_pikel
D:6:      layout_cave_pools, gammafunk_ghost_icy,
          minmay_a_box_with_orc_wizards_in_it
D:7:      minmay_cornered_nines, layout_basic, minmay_overflow_temple_star_quad,
          uniq_maggie
Temple:   minmay_temple_curvy_branch

Skill      XL: |  1  2  3  4  5  6  7  8  9 |
---------------+----------------------------+-----
Bows           | 5 6 7 9 10 12 13 | 13.0
Fighting       | 2 3 4 5 6 |  6.2
Dodging        | |  2.6
Stealth        | |  1.5

Action                   |  1- 3 |  4- 6 |  7- 9 || total
-------------------------+-------+-------+-------++-------
Melee: Dagger            |       |       |    75 ||    75
       Punch             |       |       |     3 ||     3
 Fire: Shortbow          |    73 |    94 |   227 ||   394
Invok: Renounce Religion |     1 |       |       ||     1
       Ancestor Identity |       |       |     3 ||     3
       Recall Ancestor   |       |       |     1 ||     1
       Ancestor Life: Kn |       |       |     1 ||     1
  Use: Scroll            |       |       |     1 ||     1
Armor: Robe              |     8 |       |    12 ||    20
       Steam dragon scal |       |       |    14 ||    14
Dodge: Dodged            |    25 |     9 |    97 ||   131

Table legend: (Time is in decaauts)
 A = Elapsed time spent in this place.
 B = Non-inter-level travel time spent in this place.
 C = Inter-level travel time spent in this place.
 D = Time resting spent in this place.
 E = Time spent auto-exploring this place.
 F = Levels seen in this place.
 G = Mean time per level.
                   A        B        C        D        E       F      G
               +--------+--------+--------+--------+--------+-----+--------+
         Total |   5634 |   5553 |     81 |   1054 |   2399 |   8 |  704.2 |
       Dungeon |   5340 |   5273 |     67 |   1054 |   2384 |   7 |  762.9 |
        Temple |    293 |    279 |     14 |      0 |     14 |   1 |  293.0 |
               +--------+--------+--------+--------+--------+-----+--------+

Top non-repeatable levels by time:
     D:5: 1531 daAuts
     D:4: 863 daAuts
     D:6: 839 daAuts
     D:3: 670 daAuts
     D:2: 654 daAuts
     D:7: 404 daAuts
     D:1: 377 daAuts
  Temple: 293 daAuts
